 Dungeon Crawl Stone Soup version 0.19-a0-1268-g6c5d9f8 (webtiles) character file.

44460 Ferkelamun the Grappler (level 13, -6/130 HPs)
             Began as a Troll Gladiator on Aug 29, 2016.
             Was the Champion of Makhleb.
             Mangled by a guardian serpent (20 damage)
             ... on level 6 of the Lair of Beasts.
             The game lasted 00:49:23 (17659 turns).

Ferkelamun the Grappler (Troll Gladiator)          Turns: 17659, Time: 00:49:24

Health: -6/130     AC: 11    Str: 26    XL:     13   Next: 96%
Magic:  18/18      EV: 14    Int:  7    God:    Makhleb [******]
Gold:   1323       SH: 13    Dex: 11    Spells: 1 memorised, 10 levels left

rFire  + . .     SeeInvis +       - Unarmed
rCold  . . .     Gourm    +     a - +0 robe
rNeg   . . .     Faith    .     g - +0 shield
rPois  .         Spirit   .     F - +2 hat
rElec  .         Dismiss  .     W - +1 cloak
rCorr  .         Reflect  .     (gloves unavailable)
MR     .....     Harm     .     (boots unavailable)
Stlth  +.........               (no amulet)
                                V - ring of protection from fire
                                m - ring of see invisible

@: lethally poisoned (-6 -> -70), about to teleport
A: unfitting armour, claws 3, large bone plates 1, fast metabolism 3, gourmand,
regeneration 1, shaggy fur 1, tough skin 2
a: Minor Destruction, Lesser Servant of Makhleb, Major Destruction, Greater
Servant of Makhleb, Renounce Religion


You were on level 6 of the Lair of Beasts.
You worshipped Makhleb.
Makhleb was exalted by your worship.
You were very full.

You visited 4 branches of the dungeon, and saw 19 of its levels.
You also visited: Sewer and Ossuary.

You collected 1323 gold pieces.

Inventory:

Hand Weapons
 S - the +9 war axe "Hulk" {freeze, rElec rF- rN+++ Stlth+}
   (You found it on level 6 of the Dungeon)

   It has been specially enchanted to freeze those struck by it, causing extra
   injury to most foes and up to half again as much damage against particularly
   susceptible opponents.
   It can also slow down cold-blooded creatures.
   It makes you vulnerable to fire.
   It insulates you from electricity.
   It renders you almost immune to negative energy.
   It makes you more stealthy.
Missiles
 f - 14 steel javelins
 E - 2 throwing nets (quivered)
Armour
 a - a +0 robe (worn)
 g - a +0 shield (worn)
 F - a +2 hat (worn)
 W - a +1 cloak (worn)
Rods
 N - a -1 lightning rod (14/14)
   (You found it on level 5 of the Dungeon)
Jewellery
 m - a ring of see invisible (left claw)
 r - an uncursed amulet of magic regeneration {unknown}
 s - an uncursed ring of positive energy
 t - an uncursed ring of protection from magic
 V - a ring of protection from fire (right claw)
 Y - an uncursed amulet of faith {unknown}
 Z - an uncursed ring of resist corrosion
Wands
 u - a wand of iceblast (5/15)
 z - a wand of lightning (6/15)
 I - a wand of digging (5/24)
 K - a wand of polymorph (8/24)
Scrolls
 k - a scroll of recharging
 o - 3 scrolls of magic mapping
 w - 6 scrolls of enchant weapon
 y - a scroll of torment
 A - 2 scrolls of teleportation
 H - a scroll of blinking
 J - 3 scrolls of identify
 L - 3 scrolls of fear
 O - 5 scrolls of remove curse
 P - a scroll of fog
 Q - 2 scrolls of summoning
 U - 2 scrolls of amnesia
Potions
 b - a potion of agility
 e - a potion of berserk rage
 i - 2 potions of resistance
 j - 2 potions of ambrosia
 l - 5 potions of magic
 n - 7 potions of curing
 B - 3 potions of haste
 C - a potion of lignification
 D - 3 potions of brilliance
 G - 3 potions of heal wounds
 M - a potion of cure mutation
 R - a potion of might
 T - a potion of flight
Books
 c - a book of Death

   Spells                             Type                      Level
   a - Corpse Rot                     Necromancy                   2
   b - Sublimation of Blood           Necromancy                   2
   c - Agony                          Necromancy                   5
   d - Dispel Undead                  Necromancy                   5
   e - Excruciating Wounds            Charms/Necromancy            5
   f - Bolt of Draining               Conjuration/Necromancy       5
Comestibles
 d - 21 bread rations
 h - 10 meat rations
 p - 4 beef jerkies
 q - 11 slices of pizza
 v - a royal jelly
 X - 11 fruits


   Skills:
 - Level 8.9 Fighting
 - Level 1.7 Throwing
 + Level 11.5 Dodging
 - Level 7.0 Shields
 - Level 12.1 Unarmed Combat
 - Level 2.9 Charms
 - Level 2.9 Air Magic
 - Level 8.0 Invocations


You had 10 spell levels left.
You knew the following spells:

 Your Spells              Type           Power        Failure   Level  Hunger
a - Swiftness             Chrm/Air       #.......     38%         2    ###....


Dungeon Overview and Level Annotations

Branches:
Dungeon (11/15)            Temple (1/1) D:6            Lair (6/6) D:11
 Shoals (0/4) Lair:2        Snake (0/4) Lair:2        Slime (0/5) Lair:5
    Orc (1/2) D:11

Altars:
Ashenzari
Cheibriados
Dithmenos
Elyvilon
Fedhas
Gozag
Hepliaklqana
Kikubaaqudgha
Makhleb
Nemelex Xobeh
Okawaru
Qazlal
Ru
Sif Muna
Trog
Uskayaw
Vehumet
Xom
Yredelemnul
Zin
The Shining One
Jiyva

Shops:
D:5 *   D:9 (

Annotations:
D:11 exclusions: 2 doors and 1 more exclusion
Lair:4 exclusion: oklob plant


Innate Abilities, Weirdness & Mutations

You are too large for most types of armour.
You have claws for hands.
Your metabolism is lightning-fast.
You like to eat raw meat.
Your natural rate of healing is unusually fast.
You are covered in fur. (AC +1)
You have very tough skin. (AC +2)
You are partially covered in large bone plates. (AC +2, SH +2)


Message History

You are lethally poisoned!
The redback poisons you!
You block the guardian serpent's attack.
The black mamba bites you!
* * * LOW HITPOINT WARNING * * *
You are more poisoned.
The black mamba poisons you!
You closely miss the black mamba.
* * * LOW HITPOINT WARNING * * *
You feel very sick. You block the redback's attack.
The guardian serpent coils itself and waves its upper body at you.
You resist with some effort. The black mamba closely misses you.
You scratch the black mamba but do no damage.
* * * LOW HITPOINT WARNING * * *
You feel very sick. The redback bites you!
* * * LOW HITPOINT WARNING * * *
The guardian serpent hits you!!
You die...

P..##...##....##...##..P..##.....
....##...#....#...##......#...<..
.....##..##..##..##...(P.........
......##..#..#..##...............
###....#..####.##.....###........
# ###...P####..#....###.P.......[
###..##.s.....###............
.####.†..#S###....P##.......
...SP.PP.##@S...............
...s.s.P.###s...............
.####....#.##...............
###..##..##[.!#.#...P....##.. #
###..(#######......##.P...####.
###....##.####..#.....###...##...
......##.(#..#..##........####...
P....##l.##..##..##....PP.#...#..
P...##...#....#...##...P...#....#


You could see a guardian serpent, a black mamba and a redback.

Vanquished Creatures
  The ghost of epen the Basher, a journeyman CeMo of Okawaru (D:11)
  4 hydras
  A catoblepas (Lair:4)
  5 death yaks
  The ghost of Ijustatesigmund the Nimble, a novice OpAs of Okawaru (D:9)
  A fire crab (Lair:6)
  2 wizards
  An orc knight (Orc:1)
  2 hill giants
  A wolf spider (Lair:6)
  A hornet (Lair:6)
  8 elephants
  2 sirens (Lair:2)
  Joseph (Lair:1)
  A torpor snail (Lair:6)
  7 black mambas
  15 spiny frogs
  A rime drake (Lair:5)
  6 komodo dragons
  2 merfolk (Lair:2)
  Grinder (D:6)
  9 blink frogs
  Prince Ribbit (D:6)
  Sigmund (D:6)
  A redback (Lair:6)
  22 yaks
  11 wyverns
  A human (D:7)
  4 hogs (D:7)
  A basilisk (Lair:1)
  6 hippogriffs
  2 steam dragons
  A hungry ghost (D:11)
  2 mottled dragons (Lair:5)
  5 nagas (Lair:2)
  10 water moccasins
  7 porcupines
  A swamp drake (Lair:5)
  12 orc warriors
  2 ice beasts
  2 sky beasts (D:10)
  2 wasps (Lair:6)
  A black bear (D:9)
  2 eyes of draining
  A necrophage (D:8)
  2 phantoms
  5 ogres
  4 centaurs
  7 wolves
  7 crocodiles
  5 big kobolds (Sewer)
  4 elf zombies
  2 elf skeletons (D:6)
  7 giant frogs
  A wyvern zombie (D:6)
  6 scorpions
  8 killer bees
  6 howler monkeys
  9 wights
  7 crimson imps
  3 giant frog zombies
  3 hounds
  A quasit (D:8)
  12 orc priests
  2 giant frog skeletons
  A human zombie (Ossuary)
  4 jellies
  7 orc wizards
  8 iguanas
  15 worker ants
  A big kobold zombie (Ossuary)
  2 mummies (Ossuary)
  A worker ant zombie (D:6)
  3 gnolls (D:7)
  18 adders
  31 river rats
  4 oozes
  An adder zombie (D:9)
  6 worms
  3 dart slugs
  9 giant geckos
  29 orcs
  8 bats
  5 giant cockroaches
  6 goblins
  2 hobgoblins
  6 jackals
  5 quokkas
  4 ball pythons
  A giant gecko skeleton (D:7)
  5 giant newts
  15 hobgoblin zombies (Ossuary)
  A jackal zombie (Ossuary)
  12 kobolds
  8 kobold zombies (Ossuary)
  3 orc skeletons (D:6)
  6 orc zombies (Ossuary)
  A quokka zombie (D:5)
  9 rats
  A rat zombie (Ossuary)
513 creatures vanquished.

Vanquished Creatures (others)
  5 fungi
  9 plants
14 creatures vanquished.

Grand Total: 527 creatures vanquished

Notes
Turn   | Place    | Note
-------+----------+-------------------------------------------
     0 | D:1      | Ferkelamun the Troll Gladiator began the quest for the Orb.
     0 | D:1      | Reached XP level 1. HP: 19/19 MP: 0/0
   191 | D:1      | Reached XP level 2. HP: 27/27 MP: 1/1
   646 | D:2      | Reached skill level 4 in Unarmed Combat
   727 | D:2      | Reached XP level 3. HP: 33/33 MP: 2/2
   982 | D:2      | Found an iron altar of Okawaru.
   992 | D:2      | Reached XP level 4. HP: 38/41 MP: 3/3
  1009 | D:2      | Reached skill level 5 in Unarmed Combat
  1480 | D:3      | Found a glowing drain.
  1484 | Sewer    | Entered a sewer
  1501 | Sewer    | Noticed a big kobold
  1517 | Sewer    | Killed a big kobold
  1517 | Sewer    | Reached skill level 6 in Unarmed Combat
  1517 | Sewer    | Reached XP level 5. HP: 48/48 MP: 4/4
  1627 | Sewer    | Reached XP level 6. HP: 46/55 MP: 5/5
  1829 | Sewer    | Reached skill level 7 in Unarmed Combat
  2087 | Sewer    | Reached skill level 8 in Unarmed Combat
  2542 | D:4      | Reached XP level 7. HP: 58/62 MP: 6/6
  2726 | D:4      | Found a hazy altar of Hepliaklqana.
  2831 | D:4      | Found a sacrificial altar of Ru.
  3448 | D:5      | Entered Level 5 of the Dungeon
  3509 | D:5      | Found Lups's Elemental Accessories.
  3646 | D:5      | Reached skill level 9 in Unarmed Combat
  3721 | D:5      | Found a white marble altar of Elyvilon.
  3763 | D:5      | Found a shimmering altar of Xom.
  3815 | D:5      | Reached XP level 8. HP: 70/70 MP: 7/7
  3992 | D:5      | Reached skill level 10 in Unarmed Combat
  4404 | D:6      | Found a sand-covered staircase.
  4431 | Ossuary  | Entered an ossuary
  4612 | Ossuary  | Reached skill level 5 in Dodging
  4732 | D:6      | Noticed Sigmund
  4804 | D:6      | Killed Sigmund
  4804 | D:6      | Reached XP level 9. HP: 76/76 MP: 8/8
  4868 | D:6      | Got a translucent war axe
  4869 | D:6      | Identified the +9 war axe "Hulk" {freeze, rElec rF- rN+++ Stlth+} (You found it on level 6 of the Dungeon)
  5173 | D:6      | Found a staircase to the Ecumenical Temple.
  5212 | D:6      | Noticed Prince Ribbit
  5214 | D:6      | Noticed Grinder
  5227 | D:6      | Killed Prince Ribbit
  5232 | D:6      | Killed Grinder
  5492 | Temple   | Entered the Ecumenical Temple
  5664 | Temple   | Became a worshipper of Makhleb the Destroyer
  6287 | D:7      | Reached * piety under Makhleb
  6383 | D:7      | Reached XP level 10. HP: 85/85 MP: 9/9
  6635 | D:8      | Noticed a hill giant
  6653 | D:8      | Killed a hill giant
  6676 | D:8      | Reached skill level 10 in Dodging
  6721 | D:8      | Found a hide-covered altar of Uskayaw.
  7008 | D:8      | Paralysed by a wasp for 3 turns
  7132 | D:8      | Gained mutation: You are partially covered in large bone plates. (AC +2, SH +2) [potion of beneficial mutation]
  7278 | D:8      | Found a hazy altar of Hepliaklqana.
  7605 | D:9      | Reached ** piety under Makhleb
  7631 | D:9      | Found Boint's Weapon Shop.
  7772 | D:9      | Found a glowing golden altar of the Shining One.
  7955 | D:9      | Found a snail-covered altar of Cheibriados.
  7998 | D:9      | Found a deep blue altar of Sif Muna.
  8276 | D:9      | Noticed Ijustatesigmund's ghost (novice OpAs)
  8297 | D:9      | Killed Ijustatesigmund's ghost
  8297 | D:9      | Reached skill level 5 in Fighting
  8495 | D:10     | Entered Level 10 of the Dungeon
  8781 | D:10     | Noticed a wizard
  8795 | D:10     | Killed a wizard
  8795 | D:10     | Reached XP level 11. HP: 105/105 MP: 10/10
  8827 | D:10     | Identified the Almanac of Axaxaxas mlö
  8862 | D:10     | Learned a level 2 spell: Swiftness
  8881 | D:10     | Noticed a hill giant
  8893 | D:10     | HP: 1/105 [hill giant/giant spiked club (28)]
  9095 | D:10     | Reached *** piety under Makhleb
  9111 | D:10     | Noticed a wizard
  9112 | D:10     | Noticed a deep elf mage
  9370 | D:10     | Killed a hill giant
  9372 | D:10     | Reached skill level 1 in Charms
  9372 | D:10     | Reached skill level 1 in Air Magic
  9542 | D:10     | Identified Giysow's Almanac of Combed Thunderclap
  9549 | D:10     | Identified Sif Muna's Volume of Dhcmrlchtdj
  9597 | D:11     | Killed a wizard
  9809 | D:11     | Noticed epen's ghost (journeyman CeMo)
  9827 | D:11     | Killed epen's ghost
  9916 | D:11     | Found a staircase to the Lair.
 10386 | D:11     | Found a stormy altar of Qazlal.
 10471 | D:11     | Noticed a seven-headed hydra
 10517 | D:11     | Found a staircase to the Orcish Mines.
 10599 | Orc:1    | Entered Level 1 of the Orcish Mines
 10606 | Orc:1    | Noticed an orc knight
 10622 | D:11     | Reached skill level 1 in Invocations
 10857 | Orc:1    | Killed an orc knight
 10977 | Orc:1    | Noticed an orc knight
 10977 | Orc:1    | Noticed an orc knight
 10977 | Orc:1    | Noticed an orc knight
 10978 | Orc:1    | Noticed an orc knight
 11023 | Lair:1   | Entered Level 1 of the Lair of Beasts
 11165 | Lair:1   | Reached **** piety under Makhleb
 11169 | Lair:1   | Noticed Joseph
 11179 | Lair:1   | Killed Joseph
 11179 | Lair:1   | Reached skill level 11 in Unarmed Combat
 11515 | Lair:1   | You fall through a shaft!
 11897 | Lair:1   | Reached XP level 12. HP: 99/114 MP: 13/13
 12386 | Lair:2   | Noticed a six-headed hydra
 12405 | Lair:2   | Killed a six-headed hydra
 12492 | Lair:2   | Found a staircase to the Shoals.
 12722 | Lair:2   | Found a staircase to the Snake Pit.
 13369 | Lair:3   | Noticed a five-headed hydra
 13386 | Lair:3   | Reached skill level 5 in Shields
 13585 | Lair:3   | Noticed a six-headed hydra
 13658 | Lair:2   | Killed a five-headed hydra
 13955 | Lair:3   | Reached ***** piety under Makhleb
 14031 | Lair:3   | Killed a six-headed hydra
 14915 | Lair:5   | Noticed a death yak
 14915 | Lair:5   | Noticed a death yak
 14915 | Lair:5   | Noticed a death yak
 14915 | Lair:5   | Noticed a death yak
 14917 | Lair:5   | Noticed a death yak
 14930 | Lair:4   | Killed a death yak
 15012 | Lair:5   | Killed a death yak
 15034 | Lair:5   | Killed a death yak
 15035 | Lair:5   | Killed a death yak
 15035 | Lair:5   | Reached skill level 12 in Unarmed Combat
 15035 | Lair:5   | Reached XP level 13. HP: 123/123 MP: 14/14
 15095 | Lair:5   | Found a staircase to the Slime Pits.
 15095 | Lair:5   | Found a viscous altar of Jiyva.
 15140 | Lair:5   | Found a bloodstained altar of Trog.
 15930 | Lair:6   | Entered Level 6 of the Lair of Beasts
 16231 | Lair:6   | Reached skill level 5 in Invocations
 16760 | Lair:6   | Reached ****** piety under Makhleb
 17659 | Lair:6   | Mangled by a guardian serpent

Vault maps used:
D:1:      onia_arrival_mini_spirals, minmay_misc_feat_nine_boxes
D:2:      nicolae_overflow_hidden_temple, serial_curves, eino_curves_01,
          eino_curves_03
D:3:      gup_sewer_entry_bowl
D:4:      old_standard_altar, nicolae_ru_sacrificial_ziggurat
D:5:      lemuel_crystal_altar, elyvilon_altar_3, first_bread,
          hangedman_decor_opposing, roderic_st_hans_cross,
          nicolae_elemental_shop
D:6:      nicolae_ossuary_entry_catacombs, uniq_grinder, uniq_sigmund,
          uniq_prince_ribbit1
D:7:      grunt_livestock, kennysheep_generic_room_10
D:8:      lemuel_coloured_pillars_altar, basic_altar
D:9:      led_sif_pool, lemuel_round_altar, old_standard_altar, serial_shops,
          shop
D:10:     bh_hangedman_babel_library
D:11:     lair_0_dummy, david_orc_4, minmay_misc_feat_square,
          nicolae_qazlal_eye_of_the_storm
Temple:   bh_familiar_temple
Lair:1:   uniq_joseph
Lair:2:   elwin_shoals_entry_stream, minmay_snake_entry_guardpost_medium
Lair:4:   kennysheep_catoblepas_arena
Lair:5:   slime_altar_1, basic_altar, guppyfry_lair_drakes
Lair:6:   hangedman_lair_tendril_chambers
Orc:1:    special_room
Sewer:    sewer_co_tree
Ossuary:  ossuary_tomb_1

Skill      XL: |  1  2  3  4  5  6  7  8  9 10 11 12 13 |
---------------+----------------------------------------+-----
Unarmed Combat | 4 6 8 9 10 11 12 | 12.1
Dodging        | 6 9 10 11 | 11.5
Fighting       | 6 8 |  8.9
Charms         | 2 |  2.9
Air Magic      | 2 |  2.9
Invocations    | 3 8 |  8.0
Shields        | 7 |  7.0
Throwing       | |  1.7

Action                   |  1- 3 |  4- 6 |  7- 9 | 10-12 | 13-15 || total
-------------------------+-------+-------+-------+-------+-------++-------
Melee: Unarmed           |    67 |   122 |   398 |   830 |   435 ||  1852
       Punch             |       |     2 |    22 |    27 |       ||    51
 Fire: Blowgun           |       |       |       |     7 |       ||     7
Throw: Throwing net      |     1 |       |       |       |       ||     1
 Cast: Swiftness         |       |       |       |     1 |       ||     1
Invok: Minor Destruction |       |       |       |     6 |     2 ||     8
Evoke: Rod               |       |       |     2 |    14 |     4 ||    20
       Wand              |       |       |       |     5 |     1 ||     6
  Use: Scroll            |       |     4 |       |    33 |     4 ||    41
       Potion            |       |       |       |    10 |     1 ||    11
 Stab: Sleeping          |     2 |       |     1 |     1 |     1 ||     5
       Distracted        |       |       |       |     1 |       ||     1
  Eat: Chunk             |    14 |    15 |    32 |    85 |    26 ||   172
       Beef jerky        |       |       |       |     3 |       ||     3
       Pizza             |       |       |       |     1 |       ||     1
Armor: Robe              |    22 |    29 |    87 |   122 |    71 ||   331
Dodge: Dodged            |    34 |    44 |   147 |   408 |   175 ||   808
Block: Other             |       |       |       |    23 |       ||    23
       Shield            |       |       |       |   124 |   228 ||   352
